 BcadrenCrawl: Boulder Brew version 0.06-272-g04a409949d (webtiles) character file.

Game seed: 15445258992237184356, levelgen mode: deterministic

24 CalmDownMonkey the Shield-Bearer (level 3, 0/23 HPs) Gargoyle Fighter. Began on Aug 30, 2022. Slain by a cinder newt (4 damage) ... on level 1 of the Dungeon on Aug 31, 2022. The game lasted 00:09:13 (530 turns).

CalmDownMonkey the Shield-Bearer (Gargoyle Fighter)  Turns: 530, Time: 00:09:14

Health: 0/23       AC:  8    Str: 20    XL:     3 ^: 47
Magic:  3/3        EV:  8    Int:  8    God:
Gold:   51         SH:  7    Dex:  9    Spells: 2/2 levels left

rFire    . . .     Slash    +   a - +0 war axe
rCold    . . .     Pierce   .   c - +1 heater shield
rNeg     + . .     Bludgeon +   b - +0 scale mail
rCorr    . . .     Vision   .   (no helmet)
rPois    ∞         Gourm    .   (no cloak)
rElec    +         Faith    .   (no gloves)
MR       .....     Spirit   .   (no boots)
HPRegen  0.17/turn Reflect  .   (no amulet)
MPRegen  0.13/turn Harm     .   (no ring)
Stlth    ..........             h - ring of wizardry

@: no status effects
A: negative energy resistance 1, electricity resistance, unbreathing,
petrification resistance, rot immunity, artificial flesh, AC +2
a: no special abilities


You were on level 1 of the Dungeon.
You were not hungry.

You visited 1 branch of the dungeon, and saw 1 of its levels.

You collected 51 gold pieces.

Inventory:

Weapons
 a - a +0 war axe (weapon)
 k - a +0 hunting sling Shields
 c - a +1 heater shield (shield)
Armour
 b - a +0 scale mail (worn)
Jewellery
 e - a cursed ring of positive energy {(Curse: *Slow)}
 g - an uncursed ring of ice
 h - a ring of wizardry (right hand)
 j - an uncursed ring of strength
Potions
 d - a potion of might
 i - a potion of haste
Comestibles
 f - 2 rations


   Skills:
 - Level 3.2 Fighting
 + Level 3.1 Axes & Hammers
 - Level 3.2 Armour
 + Level 3.2 Shields


You had 2 spell levels left.
You didn't know any spells.
Your spell library was empty.

Dungeon Overview and Level Annotations

Branches:
Dungeon (1/8)

Altars:


Innate Abilities, Weirdness & Mutations

You are resistant to torment.
Your stone body is resilient. (AC +2)
You are immune to poison.
You resist negative energy. (rN+)
You are resistant to electric shocks. (rElec)
You can survive without breathing.
You are immune to petrification.
You are immune to rotting.
Your artificial form resists hard blunt hits and is difficult to cut into. (rBludgeoning+ , rSlashing+)


Message History

The cinder newt bites you. The cinder newt burns you (4).
The cinder newt bites you. The cinder newt burns you (4).
You are too injured to fight recklessly!
You aren't carrying any items that you can evoke.
You hit the cinder newt (3).
It resists.
The cinder newt is heavily wounded. (6/11) HP You block the cinder newt's attack.
You barely miss the cinder newt.
The cinder newt is moderately wounded. (7/11) HP You block the cinder newt's attack.
The cinder newt bites you. The cinder newt burns you (4).
You closely miss the cinder newt.
The cinder newt is moderately wounded. (7/11) HP The cinder newt bites you.
The cinder newt burns you (4).
* * * LOW HITPOINT WARNING * * *
You block the cinder newt's attack.
You hit the cinder newt (2).
It resists.
The cinder newt is heavily wounded. (5/11) HP The cinder newt bites you.
The cinder newt burns you (4).
You die...

### ####.## ###
......#
######.##
####.##
#.....#@# #.#
#.##.###l...#
#.#####†#.##
#...#
####...=......#
...#
......†.##.###.#
.##
####.##.#...# .#
#.##....... #
####.####.....#
...######.......


You could see a cinder newt.

Vanquished Creatures
  A dart slug (D:1)
  A leopard gecko (D:1)
  4 goblins (D:1)
  4 hobgoblins (D:1)
  4 bats (D:1)
  3 kobolds (D:1)
  5 rats (D:1)
  A fungus (D:1)
  2 plants (D:1)
25 creatures vanquished.

Vanquished Creatures (others)
  A kobold (D:1)
  2 bushes (D:1)
3 creatures vanquished.

Grand Total: 28 creatures vanquished

Notes
Turn   | Place    | Note
-------+----------+-------------------------------------------
     0 | D:1      | CalmDownMonkey the Gargoyle Fighter began the quest for the
                  | Orb.
     0 | D:1      | Reached XP level 1. HP: 14/14 MP: 1/1
   155 | D:1      | Reached XP level 2. HP: 17/19 MP: 2/2
   507 | D:1      | Reached XP level 3. HP: 23/23 MP: 3/3
   530 | D:1      | Slain by a cinder newt

Levels and vault maps discovered:
D:1:      dpeg_arrival_water_fire, layout_loops_ring

Skill      XL: |  1  2 |
---------------+-------+-----
Axes & Hammers | 2 3 |  3.1
Fighting       | |  3.2
Armour         | |  3.2
Shields        | |  3.2

Action                   || total
-------------------------++-------
Melee: War axe           ||    47
  Use: Scroll            ||     2
Armor: Scale mail        ||    33
Dodge: Dodged            ||     9
Block: Heater shield     ||     9
